Workbook

Sheet Orçamento
A1: PREFEITURA MUNICIPAL DE JOÃO NEIVA
A2: Obra: | B2: REVITALIZAÇÃO DA COBERTURA DE TELHADO DO CEAR - CENTRO ASSOCIATIVO RENASCER | D2: Data base: | E2: 43862
A3: End. da obra: | B3: RUA SETE DE SETEMBRO, S/N, CENTRO, JOÃO NEIVA | D3: leis Sociais: | E3: 1.5727
A4: Resp. Técnico: | B4: BRASILINO CAPUCHO RIBEIRO DA COSTA | D4: BDI: | E4: 0.3453
A5: ITEM | B5: CÓD. | C5: DESCRIÇÃO | D5: UNIT. | E5: QUANT. | F5: R$ UNIT. | G5: TOTAL
A6: 1 | C6: SERVIÇOS PRELIMINARES
A7: 1.1 | B7: IOPES 020305 | C7: Placa de obra nas dimensões de 2.0 x 4.0 m, padrão IOPES | D7: m² | E7: ='Mémoria de Cálculo'!K6 -> 8 | F7: 189.61 | G7: =TRUNC(ROUND(E7*F7*1.3453,2),2) -> 2040.66
A8: 1.2 | B8: IOPES 020712 | C8: Rede de água com padrão de entrada d'água diâm. 3/4", conf. espec. CESAN, incl. tubos e conexões para alimentação, distribuição, extravasor e limpeza, cons. o padrão a 25m, conf. projeto (1 utilização) | D8: m | E8: ='Mémoria de Cálculo'!K7 -> 15 | F8: 32.24 | G8: =TRUNC(ROUND(E8*F8*1.3453,2),2) -> 650.59
A9: 1.3 | B9: IOPES 020713 | C9: Rede de luz, incl. padrão entrada de energia trifás., cabo de ligação até barracões, quadro de distrib., disj. E chave de força (quando necessário), cons. 20m entre padrão entrada e QDG, conf. projeto (1 utilização) | D9: m | E9: ='Mémoria de Cálculo'!K8 -> 15 | F9: 368.81 | G9: =TRUNC(ROUND(E9*F9*1.3453,2),2) -> 7442.4
A10: 1.4 | B10: IOPES 020714 | C10: Rede de esgoto, contendo fossa e filtro, inclusive tubos e conexões de ligação entre caixas, considerando distância de 25m, conforme projeto (1 utilização) | D10: m | E10: ='Mémoria de Cálculo'!K9 -> 15 | F10: 267.55 | G10: =TRUNC(ROUND(E10*F10*1.3453,2),2) -> 5399.03
A11: 1.5 | B11: IOPES 020352 | C11: Aluguel mensal container para escritório, dim. 6.00x2.40m, c/ banheiro (vaso+lavat+chuveiro e básc), incl. porta, 2 janelas, abert p/ ar cond., 2 pt iluminação, 2 tom. elét. e 1 tom.telef. Isolam.térmico(teto e paredes), piso em comp. Naval, cert. NR18, incl. laudo descontaminação. | D11: mês | E11: ='Mémoria de Cálculo'!K10 -> 2 | F11: 706.67 | G11: =TRUNC(ROUND(E11*F11*1.3453,2),2) -> 1901.37
A12: 1.6 | B12: IOPES 020344 | C12: Mobilização e desmobilização de conteiner locado para barracão de obra | D12: Und | E12: 1 | F12: 875 | G12: =TRUNC(ROUND(E12*F12*1.3453,2),2) -> 1177.14
C13: SUB-TOTAL 01 | G13: =SUM(G7:G12) -> 18611.19
A15: 2 | C15: DEMOLIÇÕES E RETIRADAS
A16: 2.1 | B16: IOPES 010256 | C16: Remoção de telha ondulada de fibrocimento, inclusive cumeeira | D16: m² | E16: ='Mémoria de Cálculo'!K15 -> 496.942 | F16: 5.553 | G16: =TRUNC(ROUND(E16*F16*1.3453,2),2) -> 3712.38
A17: 2.2 | B17: IOPES 010326 | C17: Retirada de estrutura em madeira do telhado | D17: m² | E17: ='Mémoria de Cálculo'!K18 -> 496.942 | F17: 21.22 | G17: =TRUNC(ROUND(E17*F17*1.3453,2),2) -> 14186.34
A18: 2.3 | B18: IOPES 030304 | C18: Índice de preço para remoção de entulho decorrente da execução de obras (Classe A CONAMA - NBR 10.004 - Classe II-B), incluindo aluguel da caçamba, carga, transporte e descarga em área licenciada | D18: m³ | E18: ='Mémoria de Cálculo'!K19 -> 55 | F18: 46.01 | G18: =TRUNC(ROUND(E18*F18*1.3453,2),2) -> 3404.35
C19: SUB-TOTAL 02 | G19: =SUM(G16:G17) -> 17898.72
A21: 3 | C21: COBERTURA
A22: 3.1 | B22: IOPES 090221 | C22: Cobert. telha termoacustica tipo forro aço galv trapez. 40, e=0.43mm, pint. face. sup. cor branca, face inf. Plana revest. Pelicula PVC Text., incl. acess. fix. nucleo isolante poliuretano (injeção contínua) e=30mm, ref. Isoeste, Sto André, Eternit, Metform ou equivalente. | D22: m² | E22: ='Mémoria de Cálculo'!K23 -> 496.942 | F22: 107.39 | G22: =TRUNC(ROUND(E22*F22*1.3453,2),2) -> 71794.09
A23: 3.2 | B23: SINAPI 92580 | C23: TRAMA DE AÇO COMPOSTA POR TERÇAS PARA TELHADOS DE ATÉ 2 ÁGUAS PARA TELHA ONDULADA DE FIBROCIMENTO, METÁLICA, PLÁSTICA OU TERMOACÚSTICA, INCLUSO TRANSPORTE VERTICAL. | D23: m² | E23: ='Mémoria de Cálculo'!K29 -> 993.884 | F23: 28.46 | G23: =TRUNC(ROUND(E23*F23*1.3453,2),2) -> 38053.07
A24: 3.3 | B24: IOPES 090312 | C24: Calha em chapa galvanizada com largura de 40 cm | D24: m | E24: ='Mémoria de Cálculo'!K33 -> 67 | F24: 128.28 | G24: =TRUNC(ROUND(E24*F24*1.3453,2),2) -> 11562.53
C25: SUB-TOTAL 03 | G25: =SUM(G22:G24) -> 121409.69
A27: 4 | C27: CAPTAÇÃO DE ÁGUA DE CHUVA
A28: 4.1 | B28: 170528 | C28: Reservatório de polietileno de 5.000 L, inclusive peça de madeira 6 x 16 cm para apoio, exclusive flanges e torneira de bóia | D28: und | E28: ='Mémoria de Cálculo'!K35 -> 6 | F28: 2686.23 | G28: =TRUNC(ROUND(E28*F28*1.3453,2),2) -> 21682.71
C29: SUB-TOTAL 04 | G29: =G28 -> 21682.71
A30: 5 | C30: INSTALAÇÕES FOTOVOLTAICAS
B31: Comp-1 | C31: Fornecimento e instalação de Gerador Solar 5,36kWp - Telha Trapezoidal - - Mono 220V | D31: und | E31: ='Mémoria de Cálculo'!E37 -> 1 | F31: ='COMP-1'!K31 -> 22299.181 | G31: =TRUNC(ROUND(E31*F31,2),2) -> 22299.18
C32: SUB-TOTAL 05 | G32: =G31 -> 22299.18
F33: TOTAL | G33: =SUM(G13,G19,G25,G29,G32) -> 201901.49

Sheet Mémoria de Cálculo
A1: PREFEITURA MUNICIPAL DE JOÃO NEIVA MEMÓRIA DE CÁLCULO
A2: Obra: | B2: REVITALIZAÇÃO DA COBERTURA DE TELHADO DO CEAR - CENTRO ASSOCIATIVO RENASCER
A3: End. da obra: | B3: RUA SETE DE SETEMBRO, S/N, CENTRO, JOÃO NEIVA
A4: ITEM | B4: CÓD. | C4: DESCRIÇÃO | D4: UNIT. | E4: QUANT. | F4: LARGURA (m) | G4: COMPRIMENTO (m) | H4: ALTURA (m) | I4: ÁREA (m²) | J4: VOLUME (m³) | K4: TOTAL
A5: 1 | C5: SERVIÇOS PRELIMINARES
A6: 1.1 | B6: IOPES 020305 | C6: Placa de obra nas dimensões de 2.0 x 4.0 m, padrão IOPES | D6: m² | E6: 1 | G6: 4 | H6: 2 | I6: =G6*H6 -> 8 | K6: =I6 -> 8
A7: 1.2 | B7: IOPES 020712 | C7: Rede de água com padrão de entrada d'água diâm. 3/4", conf. espec. CESAN, incl. tubos e conexões para alimentação, distribuição, extravasor e limpeza, cons. o padrão a 25m, conf. projeto (1 utilização) | D7: m | E7: 15 | K7: =E7 -> 15
A8: 1.3 | B8: IOPES 020713 | C8: Rede de luz, incl. padrão entrada de energia trifás., cabo de ligação até barracões, quadro de distrib., disj. E chave de força (quando necessário), cons. 20m entre padrão entrada e QDG, conf. projeto (1 utilização) | D8: m | E8: 15 | K8: =E8 -> 15
A9: 1.4 | B9: IOPES 020714 | C9: Rede de esgoto, contendo fossa e filtro, inclusive tubos e conexões de ligação entre caixas, considerando distância de 25m, conforme projeto (1 utilização) | D9: m | E9: 15 | K9: =E9 -> 15
A10: 1.5 | B10: IOPES 020352 | C10: Aluguel mensal container para escritório, dim. 6.00x2.40m, c/ banheiro (vaso+lavat+chuveiro e básc), incl. porta, 2 janelas, abert p/ ar cond., 2 pt iluminação, 2 tom. elét. e 1 tom.telef. Isolam.térmico(teto e paredes), piso em comp. Naval, cert. NR18, incl. laudo descontaminação. | D10: mês | E10: 2 | K10: =E10 -> 2
A11: 1.6 | B11: IOPES 020344 | C11: Mobilização e desmobilização de conteiner locado para barracão de obra | D11: Und | E11: 1 | K11: =E11 -> 1
A12: 2 | C12: DEMOLIÇÕES E RETIRADAS
A13: 2.1 | B13: IOPES 010256 | C13: Remoção de telha ondulada de fibrocimento, inclusive cumeeira | D13: m² | F13: 15.46 | G13: 20.8 | I13: =F13*G13 -> 321.568
F14: 10.86 | G14: 3.1 | I14: =F14*G14 -> 33.666
F15: 14.46 | G15: 9.8 | I15: =F15*G15 -> 141.708 | K15: =SUM(I13:I15) -> 496.942
A16: 2.2 | B16: IOPES 010326 | C16: Retirada de estrutura em madeira do telhado | D16: m² | F16: 15.46 | G16: 20.8 | I16: =F16*G16 -> 321.568
F17: 10.86 | G17: 3.1 | I17: =F17*G17 -> 33.666
F18: 14.46 | G18: 9.8 | I18: =F18*G18 -> 141.708 | K18: =SUM(I16:I18) -> 496.942
A19: 2.3 | C19: Índice de preço para remoção de entulho decorrente da execução de obras (Classe A CONAMA - NBR 10.004 - Classe II-B), incluindo aluguel da caçamba, carga, transporte e descarga em área licenciada | D19: m³ | J19: 55 | K19: =J19 -> 55
A20: 3 | C20: COBERTURA
A21: 3.1 | B21: IOPES 090221 | C21: Cobert. telha termoacustica tipo forro aço galv trapez. 40, e=0.43mm, pint. face. sup. cor branca, face inf. Plana revest. Pelicula PVC Text., incl. acess. fix. nucleo isolante poliuretano (injeção contínua) e=30mm, ref. Isoeste, Sto André, Eternit, Metform ou equivalente. | D21: m² | F21: 15.46 | G21: 20.8 | I21: =F21*G21 -> 321.568
F22: 10.86 | G22: 3.1 | I22: =F22*G22 -> 33.666
F23: 14.46 | G23: 9.8 | I23: =F23*G23 -> 141.708 | K23: =SUM(I21:I23) -> 496.942
A24: 3.2 | B24: SINAPI 92580 | C24: TRAMA DE AÇO COMPOSTA POR TERÇAS PARA TELHADOS DE ATÉ 2 ÁGUAS PARA TELHA ONDULADA DE FIBROCIMENTO, METÁLICA, PLÁSTICA OU TERMOACÚSTICA, INCLUSO TRANSPORTE VERTICAL. | D24: m² | F24: 15.46 | G24: 20.8 | I24: =F24*G24 -> 321.568
F25: 10.86 | G25: 3.1 | I25: =F25*G25 -> 33.666
F26: 14.46 | G26: 9.8 | I26: =F26*G26 -> 141.708 | K26: =SUM(I24:I26) -> 496.942
C27: As vigas do projeto são o mesmo perfil das terças | K27: =SUM(I24:I26) -> 496.942
K29: =SUM(K26:K27) -> 993.884
A30: 3.3 | B30: IOPES 090312 | C30: Calha em chapa galvanizada com largura de 40 cm | D30: m | G30: 32.9
G31: 20.8
G32: 3.9
G33: 9.4 | K33: =SUM(G30:G33) -> 67
A34: 4 | C34: CAPTAÇÃO DE ÁGUA DE CHUVA
A35: 4.1 | B35: 170528 | C35: Reservatório de polietileno de 5.000 L, inclusive peça de madeira 6 x 16 cm para apoio, exclusive flanges e torneira de bóia | D35: und | E35: 6 | K35: =E35 -> 6
A36: 5 | C36: INSTALAÇÕES FOTOVOLTAICAS
A37: 5.1 | C37: Fornecimento e instalação de Gerador Solar 5,36kWp - Telha Trapezoidal - - Mono 220V | E37: 1

Sheet COMP-1
A1: PREFEITURA MUNICIPAL DE JOÃO NEIVA
A2: MEMORIAL DE CÁLCULO
A3: =[1]PO!B3 -> OBRA: REVITALIZAÇÃO DA PRACINHA DO TRIÂNGULO E PINTURA DO CANTEIRO CENTRAL
A4: LOCAL: JOÃO NEIVA-ES
A5: COMPOSIÇÃO ANALÍTICA DE PREÇO UNITÁRIO | K5: Data-base
K6: 43862
K7: COMP-1
A8: SERVIÇO: | B8: Fornecimento e instalação de Gerador Solar 5,36kWp - Telha Trapezoidal - - Mono 220V
A9: UND: | B9: und
A12: MÃO-DE-OBRA/FERRAMENTA
A13: CÓD. | B13: ORGÃO | C13: DESCRIÇÃO | H13: UND | I13: COEF | J13: R$ UNIT. | K13: R$ PARCIAL
A14: 10115 | B14: IOPES | C14: ELETRICISTA (LABOR) | H14: H | I14: 10 | J14: 17.29 | K14: =J14*I14 -> 172.9
A15: 10101 | B15: IOPES | C15: AJUDANTE (LABOR) | H15: H | I15: 12 | J15: 14.59 | K15: =J15*I15 -> 175.08
A16: TOTAL A | K16: =SUM(K14:K15) -> 347.98
A18: MATERIAIS
A19: CÓD. | B19: ORGÃO | C19: DESCRIÇÃO | H19: UND | I19: COEF | J19: R$ UNIT. | K19: R$ PARCIAL
B20: COT - 1 | C20: =COTAÇÃO!B7 -> Gerador Solar 5,36kWp - Telha Trapezoidal - - Mono 220V | H20: und | I20: 1 | J20: =COTAÇÃO!O7 -> 18946.977 | K20: =I20*J20 -> 18946.977
K21: =J21*I21 -> 0
A23: TOTAL B | K23: =SUM(K20:K21) -> 18946.977
A25: RESUMO
A26: TOTAL A | K26: =K16 -> 347.98
A27: TOTAL B | K27: =K23 -> 18946.977
A28: TOTAL C ( A+B) | K28: =K26+K27 -> 19294.957
J29: BDI DIFERENCIADO (15,57%) | K29: =K28*0.1557 -> 3004.2248
A30: TOTAL | K30: =K28+K29 -> 22299.181
A31: PREÇO DE VENDA | K31: =K30 -> 22299.181

Sheet CRONOGRAMA
A1: PREFEITURA MUNICIPAL DE JOÃO NEIVA
A2: CRONOGRAMA FÍSICO-FINANCEIRO
A3: OBRA: REVITALIZAÇÃO DA COBERTURA DE TELHADO DO CEAR - CENTRO ASSOCIATIVO RENASCER
A4: ENDEREÇO: RUA SETE DE SETEMBRO, S/N, CENTRO, JOÃO NEIVA
A5: ITEM | B5: DESCRIÇÃO | D5: VALORES DO ITEM % / R$ | E5: 1° MÊS | F5: 2° MÊS | G5: 3° MÊS
A6: 01 | B6: ='Mémoria de Cálculo'!C5 -> SERVIÇOS PRELIMINARES | C6: FÍSICO (%) | D6: =D7/D17 -> 0.092179557 | E6: 1
C7: FINANCEIRO (R$) | D7: =Orçamento!G13 -> 18611.19 | E7: =D7*E6 -> 18611.19
A8: 02 | B8: ='Mémoria de Cálculo'!C12 -> DEMOLIÇÕES E RETIRADAS | C8: FÍSICO (%) | D8: =D9/D17 -> 0.088650757 | E8: 1
C9: FINANCEIRO (R$) | D9: =Orçamento!G19 -> 17898.72 | E9: =E8*D9 -> 17898.72
A10: 03 | B10: ='Mémoria de Cálculo'!C20 -> COBERTURA | C10: FÍSICO (%) | D10: =D11/D17 -> 0.60133132 | E10: 0.3 | F10: 0.7 | G10: =G11/D11 -> 0
C11: FINANCEIRO (R$) | D11: =Orçamento!G25 -> 121409.69 | E11: =E10*D11 -> 36422.907 | F11: =F10*D11 -> 84986.783
A12: 04 | B12: ='Mémoria de Cálculo'!C34 -> CAPTAÇÃO DE ÁGUA DE CHUVA | C12: FÍSICO (%) | D12: =D13/D17 -> 0.10739252 | G12: 1
C13: FINANCEIRO (R$) | D13: =Orçamento!G29 -> 21682.71 | G13: =G12*D13 -> 21682.71
A14: 05 | B14: ='Mémoria de Cálculo'!C36 -> INSTALAÇÕES FOTOVOLTAICAS | C14: FÍSICO (%) | D14: =D15/D17 -> 0.11044584 | G14: 1
C15: FINANCEIRO (R$) | D15: =Orçamento!G32 -> 22299.18 | G15: =G14*D15 -> 22299.18
A16: TOTAL | D16: =D6+D8+D10+D12+D14 -> 1
D17: =D7+D9+D11+D13+D15 -> 201901.49
A18: VALOR DOS SERVIÇOS EXECUTADOS NO MÊS | E18: =E7+E9+E11+E13+E15 -> 72932.817 | F18: =F7+F9+F11+F13+F15 -> 84986.783 | G18: =G7+G9+G11+G13+G15 -> 43981.89
A19: PERCENTUAL DOS SERVIÇOS EXECUTADOS NO MÊS | E19: =E18/D17 -> 0.36122971 | F19: =F18/D17 -> 0.42093193 | G19: =G18/D17 -> 0.21783836
A20: VALOR ACUMULADO DOS SERVIÇOS EXECUTADOS | E20: =E18 -> 72932.817 | F20: =F18+E20 -> 157919.6 | G20: =G18+F20 -> 201901.49
A21: PERCENTUAL ACUMULADO DOS SERVIÇOS EXECUTADOS | E21: =E19 -> 0.36122971 | F21: =F19+E21 -> 0.78216164 | G21: =G19+F21 -> 1

Sheet COTAÇÃO
B1: PREFEITURA MUNICIPAL DE JOÃO NEIVA
B2: COTAÇÃO
B3: OBRA: REVITALIZAÇÃO DA COBERTURA DE TELHADO DO CEAR - CENTRO ASSOCIATIVO RENASCER
B4: LOCAL: JOÃO NEIVA-ES
A5: ITEM | B5: DESCRIÇÃO | C5: FORNECEDOR 1 | D5: CONTATO | E5: PREÇO | F5: DATA | G5: FORNECEDOR 2 | H5: CONTATO | I5: PREÇO | J5: DATA | K5: FORNECEDOR 3 | L5: CONTATO | M5: PREÇO | N5: DATA | O5: PREÇO MEDIA | P5: OBSERVAÇÕES
A7: 1 | B7: Gerador Solar 5,36kWp - Telha Trapezoidal - - Mono 220V | C7: NEOSOLAR | D7: https://www.neosolar.com.br/loja/gerador-solar-5-36kwp-byd-fronius-telha-trapezoidal-mono-220v.html | E7: 20469.9 | F7: 44022 | G7: MOBIMAX SOLAR | H7: https://www.mobimax.com.br/produto/kit-gerador-energia-solar-6-24kwp-telha-ceramica-71103?utm_source=&utm_medium=&utm_campaign= | I7: 17294.74 | J7: 44022 | K7: OUROLUX SOLAR | L7: https://solar.ourolux.com.br/gerador-solar-5-28kw-1x220v-ourolux.html | M7: 18005.29 | N7: 44022 | O7: =AVERAGE(E7,I7,M7)+357 -> 18946.977 | P7: FRETE MAXIMO R$ 357,00
